 Dungeon Crawl Stone Soup version 0.30-a0-939-gc8157cb160 (webtiles) character file.

Game seed: 9184436367592076856

225 cforsyth the Trooper (level 6, -4/34 HPs)
             Began as a Vine Stalker Fighter on Mar 25, 2023.
             Splashed by a jelly's acid (6 damage)
             ... on level 4 of the Dungeon.
             The game lasted 00:03:20 (1756 turns).

cforsyth the Trooper (Vine Stalker Fighter)         Turns: 1756, Time: 00:03:20

Health: -4/34      AC: -12   Str: 21    XL:     6   Next: 1%
Magic:  0/7        EV:  9    Int:  8    God:
Gold:   100        SH:  4    Dex: 13    Spells: 5/5 levels left

rFire   . . .      SeeInvis .    a - +0 rapier
rCold   . . .      Faith    .    c - +0 buckler
rNeg    . . .      Spirit   +    b - +0 scale mail
rPois   .          Reflect  .    (no helmet)
rElec   .          Rampage  .    (no cloak)
rCorr   .                        (no gloves)
Will    .....                    h - +0 pair of boots Stlth
                                 (no amulet)
HPRegen 1.05/turn                (no ring)
MPRegen 0.10/turn                (no ring)

@: corroded
A: fangs 2, regeneration 1, magic shield, antimagic bite, no potion heal 2
a: no special abilities


You were on level 4 of the Dungeon.
You visited 1 branch of the dungeon, and saw 4 of its levels.

You collected 100 gold pieces.

Inventory:

Hand Weapons
 a - a +0 rapier (weapon)
Armour
 b - a +0 scale mail (worn)
 c - a +0 buckler (worn)
 h - a +0 pair of boots (worn)
Jewellery
 m - an amulet of the acrobat
 t - a ring of protection from fire
Scrolls
 e - 2 scrolls of identify {unknown}
 g - a scroll of immolation {unknown}
 i - a scroll of torment {unknown}
 k - a scroll of fear {unknown}
 n - a scroll of teleportation {unknown}
 o - a scroll of noise {unknown}
 p - a scroll of enchant armour {unknown}
 s - a scroll of enchant weapon {unknown}
 u - a scroll of brand weapon {unknown}
Potions
 d - 2 potions of might
 f - 4 potions of curing {unknown}
 j - 2 potions of attraction {unknown}
 l - a potion of degeneration {unknown}
 q - a potion of brilliance {unknown}
 r - a potion of ambrosia {unknown}
 v - a potion of flight {unknown}


   Skills:
 + Level 4.5 Fighting
 + Level 4.0 Short Blades
 - Level 2.4 Armour
 - Level 2.6 Shields


You had 5 spell levels left.
You didn't know any spells.
Your spell library contained the following spells:

 Spells                   Type           Power      Damage    Failure   Level
 Call Canine Familiar     Summ           0%         N/A       99%         3
 Hailstorm                Conj/Ice       0%         3d3       99%         3
 Portal Projectile        Hex/Tloc       0%         N/A       99%         3
 Ice Form                 Ice/Tmut       0%         N/A       100%        4
 Leda's Liquefaction      Hex/Erth       0%         N/A       100%        4
 Simulacrum               Ice/Necr       0%         N/A       100%        6


Dungeon Overview and Level Annotations

Branches:
Dungeon (4/15)
 Temple: D:4-7

Altars:
Dithmenos
Trog

Shops:
D:3 !

Annotations:
D:4 Dowan, Duvessa


Innate Abilities, Weirdness & Mutations

You have extremely sharp teeth.
Your natural rate of healing is unusually fast.
When hurt, damage is shared between your health and your magic reserves.
Your bite disrupts and absorbs the magic of your enemies.
Potions cannot restore your health.


Message History

You hit the jelly.
Your hands burn!
The jelly is lightly wounded.
The jelly hits you but does no damage. The jelly barely misses you.
You hit the jelly. The acid corrodes you!
Your hands burn!
You bite the jelly. You drain its power.
You feel invigorated.
The jelly is moderately wounded.
You block the jelly's attack.
You hit the jelly but do no damage.
Your hands burn!
You bite the jelly, but do no damage.
The jelly is moderately wounded.
The jelly completely misses you.
You barely miss the jelly. You bite the jelly, but do no damage.
The jelly is moderately wounded.
The jelly hits you. The acid corrodes you!
You are splashed with acid!
You are too injured to fight recklessly!
You are too injured to fight recklessly!
You are too injured to fight recklessly!
You are too injured to fight recklessly!
You are too injured to fight recklessly!
You are too injured to fight recklessly!
You are too injured to fight recklessly!
You are too injured to fight recklessly!
You hit the jelly but do no damage. The acid corrodes you!
Your hands burn!
You bite the jelly. You drain its power.
You feel invigorated.
The jelly is heavily wounded.
The jelly misses you.
You hit the jelly but do no damage.
Your hands burn!
* * * LOW HITPOINT WARNING * * *
You bite the jelly, but do no damage.
The jelly is heavily wounded.
The jelly hits you.
* * * LOW HITPOINT WARNING * * *
You are splashed with acid!
* * * LOW HITPOINT WARNING * * *
You hit the jelly but do no damage. The acid corrodes you!
Your hands burn!
* * * LOW HITPOINT WARNING * * *
You bite the jelly, but do no damage.
The jelly is heavily wounded.
The jelly hits you. The acid corrodes you!
You are splashed with acid.
You die...

...## ....# ....##
.....# .....# #.#..#####
.........#############.#
.....###.##............#
...>............@J...#
.....#.......#####...#
..........#..# .##
>.##.#.......# #
.....#....##.#
######..####.# #..####>#
#.......# ######..######
##


You could see a jelly.

Vanquished Creatures
  A scorpion (D:4)
  A hound (D:4)
  A jelly (D:4)
  An orc wizard (D:3)
  An adder (D:3)
  A shadow imp (D:3)
  A worm (D:2)
  2 dart slugs (D:1)
  6 orcs
  2 bats
  4 endoplasms
  3 giant cockroaches
  4 goblins
  5 hobgoblins
  6 jackals (D:3)
  2 kobolds
  3 quokkas
  7 ball pythons
  2 frilled lizards (D:3)
  3 rats (D:1)
56 creatures vanquished.

Vanquished Creatures (others)
  6 plants (D:3)
  15 withered plants (D:3)
21 creatures vanquished.

Grand Total: 77 creatures vanquished

Notes
Turn   | Place    | Note
-------+----------+-------------------------------------------
     0 | D:1      | cforsyth the Vine Stalker Fighter began the quest for the
                  | Orb.
     0 | D:1      | Reached XP level 1. HP: 11/11 MP: 2/2
   146 | D:1      | Reached XP level 2. HP: 16/16 MP: 3/3
   440 | D:2      | Found a shadowy altar of Dithmenos.
   448 | D:2      | Reached XP level 3. HP: 15/20 MP: 2/4
   976 | D:3      | Found Zatioweria's Distillery.
   990 | D:3      | Gained mutation: Your natural rate of healing is unusually
                  | fast. [Vine Stalker growth]
   990 | D:3      | Reached XP level 4. HP: 18/25 MP: 3/5
  1167 | D:3      | Found a faded altar of an unknown god.
  1504 | D:4      | Found a bloodstained altar of Trog.
  1584 | D:3      | Reached XP level 5. HP: 29/29 MP: 6/6
  1634 | D:4      | Reached XP level 6. HP: 34/34 MP: 7/7
  1662 | D:4      | Noticed Duvessa
  1662 | D:4      | Noticed Dowan
  1756 | D:4      | HP: 1/34 [acid (1)]
  1756 | D:4      | Splashed by a jelly's acid

Illustrated notes

Levels and vault maps discovered:
D:1:      lemuel_arrival_muddy, layout_basic, kennysheep_another_room,
          chequers_serial_rivers_room_a
D:2:      layout_rooms, basic_altar
D:3:      layout_basic, shapermc_ecumenical_altar_flowoftime, serial_shops,
          shop_fountains
D:4:      layout_loops_ring, mainiacjoe_overflow_chevrons,
          yredelemnul_altar_generic, uniq_duvessa, uniq_eustachio

Skill      XL: |  1  2  3  4  5 |
---------------+----------------+-----
Short Blades   | 2 3 4 |  4.0
Fighting       | 3 4 |  4.5
Armour         | |  2.4
Shields        | |  2.6

Action                     |  1- 3 |  4- 6 || total
---------------------------+-------+-------++-------
  Melee: Rapier            |    91 |   129 ||   220
         Bite              |    28 |    49 ||    77
 Armour: Scale mail        |    59 |    41 ||   100
  Dodge: Dodged            |    41 |    34 ||    75
  Block: Buckler           |    21 |    23 ||    44

Table legend: (Time is in decaauts)
 A = Elapsed time spent in this place.
 B = Non-inter-level travel time spent in this place.
 C = Inter-level travel time spent in this place.
 D = Time resting spent in this place.
 E = Time spent auto-exploring this place.
 F = Levels seen in this place.
 G = Mean time per level.
                   A        B        C        D        E       F      G
               +--------+--------+--------+--------+--------+-----+--------+
         Total |   1781 |   1636 |    145 |     14 |   1178 |   4 |  445.2 |
       Dungeon |   1781 |   1636 |    145 |     14 |   1178 |   4 |  445.2 |
               +--------+--------+--------+--------+--------+-----+--------+

Top non-repeatable levels by time:
     D:3: 729 daAuts
     D:1: 431 daAuts
     D:2: 370 daAuts
     D:4: 250 daAuts
